 Dungeon Crawl Stone Soup version 0.29.1-15-g9cfb28693d (webtiles) character file.

Game seed: 18152472273812531936

81437 KamiKatze the Eclecticist (level 15, -12/86 HPs)
             Began as a Deep Elf Conjurer on Apr 4, 2023.
             Was a High Priest of Vehumet.
             Shot with an arrow by a centaur warrior (23 damage)
             ... on level 12 of the Dungeon on Apr 5, 2023.
             The game lasted 01:44:03 (20565 turns).

KamiKatze the Eclecticist (Deep Elf Conjurer)      Turns: 20565, Time: 01:44:12

Health: -12/86     AC:  7    Str:  4    XL:     15   Next: 26%
Magic:  31/47      EV: 14    Int: 34    God:    Vehumet [*****.]
Gold:   1454       SH:  5    Dex: 13    Spells: 27/49 levels left

rFire   . . .      SeeInvis .   p - staff of conjuration
rCold   + . .      Faith    .   c - +0 buckler
rNeg    . . .      Spirit   .   X - +1 robe {rC+}
rPois   .          Reflect  .   r - +0 helmet {Int+3}
rElec   .          Harm     .   (no cloak)
rCorr   .          Rampage  .   q - +0 pair of gloves
Will    ++...                   m - +1 pair of boots
Stlth   ++++......              G - amulet of magic regeneration
HPRegen 0.24/turn               l - ring of magical power
MPRegen 0.70/turn               f - ring of willpower

@: no status effects
A: no striking features
a: Renounce Religion


You were on level 12 of the Dungeon.
You worshipped Vehumet.
Vehumet was extremely pleased with you.
You visited 4 branches of the dungeon, and saw 20 of its levels.
You also visited: Ossuary and Ice Cave.

You collected 2035 gold pieces.
You spent 581 gold pieces at shops.

Inventory:

Hand Weapons
 a - a +2 spear of venom
 i - the +11 battleaxe "Huletipu" {vorpal, rC+ rCorr Str+3 Stlth-}
   (You found it in an ice cave)

   It inflicts extra damage upon your enemies.
   Str:       It affects your strength (+3).
   rC:        It protects you from cold.
   rCorr:     It protects you from acid and corrosion.
   Stlth:     It makes you less stealthy.
 w - a +2 demon blade of flaming
Missiles
 u - 27 poisoned darts (quivered)
 F - 5 atropa-tipped darts
 J - 2 throwing nets
Armour
 c - a +0 buckler (worn)
 m - a +1 pair of boots (worn)
 q - a +0 pair of gloves (worn)
 r - a +0 helmet of intelligence (worn)
 Q - a +2 leather armour of resistance
 X - a +1 robe of cold resistance (worn)
Magical Staves
 p - a staff of conjuration (weapon)
Jewellery
 f - a ring of willpower (right hand)
 l - a ring of magical power (left hand)
 C - a ring of ice
 G - an amulet of magic regeneration (around neck)
 H - a ring of flight
 K - a +6 ring of strength
 O - a ring of see invisible
 P - a +4 ring of protection
 S - a ring of protection from cold
 U - a +6 ring of dexterity
Wands
 y - a wand of iceblast (17)
 B - a wand of mindburst (20)
 D - a wand of digging (5)
 I - a wand of flame (9)
 M - a wand of paralysis (6)
Scrolls
 d - 3 scrolls of vulnerability
 e - 6 scrolls of teleportation
 k - 2 scrolls of summoning
 s - 4 scrolls of fear
 v - 6 scrolls of fog
 N - 5 scrolls of magic mapping
 T - 5 scrolls of identify
 V - 2 scrolls of enchant weapon
Potions
 b - a potion of magic
 g - 11 potions of curing
 h - a potion of cancellation
 j - a potion of invisibility
 n - 4 potions of resistance
 o - 3 potions of berserk rage
 t - 2 potions of heal wounds
 x - a potion of flight
 z - 8 potions of attraction
 A - 3 potions of lignification
 E - 5 potions of brilliance
 L - 2 potions of might
 R - 3 potions of ambrosia


   Skills:
 + Level 7.4 Fighting
 - Level 2.0 Throwing
 - Level 6.0 Dodging
 - Level 9.0 Stealth
 - Level 4.0 Shields
 * Level 17.9 Spellcasting
 * Level 15.6 Conjurations
 - Level 10.0 Hexes
 - Level 10.0 Translocations
 * Level 3.0 Ice Magic
 + Level 3.5 Air Magic
 * Level 8.5 Earth Magic


You had 27 spell levels left.
You knew the following spells:

 Your Spells              Type           Power      Damage    Failure   Level
a - Magic Dart            Conj           100%       1d8       0%          1
b - Searing Ray           Conj           100%       2d8       0%          2
c - Fulminant Prism       Conj/Hex       54%        3d23      1%          4
d - Iskenderun's Mystic   Conj/Tloc      100%       2d19      1%          4
e - Iron Shot             Conj/Erth      53%        9d10      1%          6
f - Freezing Cloud        Conj/Ice/Air   44%        6-21      1%          5

Your spell library contained the following spells:

 Spells                   Type           Power      Damage    Failure   Level
 Dazzling Flash           Conj/Hex       100%       N/A       0%          3
 Static Discharge         Conj/Air       97%        3-16/arc  1%          2
 Irradiate                Conj/Tmut      45%        3d26      1%          5
 Lightning Bolt           Conj/Air       48%        1d69      1%          5
 Blade Hands              Tmut           15%        N/A       38%         5
 Maxwell's Capacitive Co  Air            26%        ∞         99%         8
 Dragon Form              Tmut           15%        N/A       100%        7


Dungeon Overview and Level Annotations

Branches:
Dungeon (12/15)            Temple (1/1) D:7            Lair (5/5) D:10
 Shoals (0/4) Lair:3        Snake (0/4) Lair:3        Slime (0/5) Lair:5
    Orc (2/2) D:10            Elf (0/3) Orc:2       Ossuary (visited)
  IceCv (visited)

Altars:
Ashenzari
Cheibriados
Dithmenos
Elyvilon
Fedhas
Gozag
Hepliaklqana
Kikubaaqudgha
Makhleb
Nemelex Xobeh
Okawaru
Qazlal
Ru
Sif Muna
Trog
Uskayaw
Vehumet
Wu Jian
Xom
Yredelemnul
Zin
The Shining One
Jiyva
Lugonu

Shops:
D:4 !   D:7 [=   D:9 =   D:10 ?   Orc:2 [(:(

Portals:
Abyss: Lair:5

Annotations:
D:12 exclusions: fire dragon and howler monkey


Message History

The centaur warrior shoots an arrow.
The arrow hits you!
Your fulminant prism crackles loudly.
Unknown command.
The centaur warrior is engulfed in freezing vapours.
The centaur warrior shoots an arrow.
You block the arrow.
The boulder beetle hits your fulminant prism but does no damage.
The boulder beetle stops rolling and uncurls.
The manticore flicks its tail.
The volley of spikes hits your fulminant prism!
Your fulminant prism explodes!
The blast of energy engulfs the boulder beetle!!
The boulder beetle is heavily wounded.
The blast of energy engulfs the manticore!!!
You kill the manticore!
Vehumet accepts your kill.
You feel your power returning.
The deep elf pyromancer gestures at you while chanting.
The bolt of fire hits you!!
* * * LOW HITPOINT WARNING * * *
You hear a howl!
Unknown command.
Casting: Fulminant Prism (safe; 1% risk of failure)
Confirm with . or Enter, or press ? or * to list all spells.
Aiming: Freezing Cloud (dangerous; 1% risk of failure)
Press: ? - help, Dir - move target
Okay, then.
Casting: Freezing Cloud (dangerous; 1% risk of failure)
Confirm with . or Enter, or press ? or * to list all spells.
Aiming: Iron Shot (dangerous; 1% risk of failure)
Press: ? - help, Shift-Dir - straight line, f - deep elf pyromancer
Aim: a deep elf pyromancer, wielding a +0 long sword (moderately wounded, 71% to hit)
Out of range.
Okay, then.
The centaur warrior is engulfed in freezing vapours.
The centaur warrior shoots an arrow.
The arrow hits you!!
* * * LOW HITPOINT WARNING * * *
The boulder beetle curls into a ball and begins rolling!
The centaur warrior is engulfed in freezing vapours.
The centaur warrior shoots an arrow.
The arrow hits you!!
You die...

#....†.#.
#.#.......☼§§# ))
#..........§§# .§)
#...#..#B...§#####†#
#...##.....§.....§c
#.?......#.#...§§###.
#..####.##.#...§.§§§.
#.## #..........§§§.
#####.# #@....§§#
......## ##.....§..
##<....# ...§.e...
#####..... #.....§§..
.>.... ##...§§§..
.....( ##.###§##
...... .. ... ......
.. .. ....


You could see a boulder beetle (rolling), a centaur warrior and a deep elf
pyromancer.

Vanquished Creatures
  Josephine (Lair:4)
  Fannar (Orc:1)
  2 ironbound frosthearts (IceCv)
  A boulder beetle (D:11)
  9 hydras
  Erica (D:9)
  4 two-headed ogres
  17 death yaks
  4 orc high priests (Orc:2)
  4 thrashing horrors (Lair:5)
  Nergalle (Orc:1)
  A deep troll (shapeshifter) (Lair:5)
  A lindwurm (Lair:3)
  3 ugly things
  5 orc knights
  6 orc sorcerers
  A cyclops (Orc:1)
  A manticore (D:12)
  18 elephants
  3 black mambas
  A merfolk siren (Lair:3)
  A torpor snail (Lair:1)
  An ice statue (IceCv)
  A smoke demon (Lair:5)
  5 komodo dragons
  3 cane toads
  Psyche (D:10)
  A kobold demonologist (D:8)
  3 rime drakes
  An ancient zyme (Lair:5)
  3 trolls
  A meliai (shapeshifter) (Lair:5)
  3 large abominations (Lair:5)
  22 blink frogs
  15 polar bears
  10 small abominations (Lair:5)
  7 dream sheep (Lair:5)
  64 yaks
  4 wraiths
  A spriggan (Lair:5)
  2 shadows
  6 humans (D:6)
  6 wyverns
  7 basilisks
  A steam dragon (Lair:3)
  3 chaos spawn (Lair:5)
  4 vampire mosquitoes
  5 nagas (Lair:3)
  14 water moccasins
  18 orc warriors
  2 ice beasts
  2 sky beasts (D:7)
  2 black bears
  17 wolves
  13 ogres
  7 centaurs
  A kobold brigand (D:8)
  17 bullfrogs
  A gnoll sergeant (D:8)
  11 scorpions
  6 killer bees
  6 howler monkeys
  A hound (D:5)
  13 orc priests
  4 jellies
  A gnoll bouda (D:9)
  4 iguanas
  Natasha (thrice) (D:2)
  18 orc wizards
  A mummy (Ossuary)
  14 gnolls
  4 adders
  A shadow imp (D:6)
  2 white imps
  A worm (D:2)
  A dart slug (D:3)
  40 orcs
  6 spectral bats (Ossuary)
  9 bats
  4 endoplasms
  3 giant cockroaches
  12 gnoll zombies (Ossuary)
  9 goblins
  7 hobgoblins
  4 jackals (D:5)
  12 kobolds
  5 quokkas
  5 ball pythons
  6 bat simulacra (Ossuary)
  3 frilled lizards
  3 goblin simulacra (Ossuary)
  4 goblin zombies (Ossuary)
  8 hobgoblin zombies (Ossuary)
  3 kobold simulacra (Ossuary)
  3 kobold zombies (Ossuary)
  3 orc zombies (Ossuary)
  5 rats
  A rat simulacrum (Ossuary)
  4 spectral goblins (Ossuary)
  3 spectral kobolds (Ossuary)
  4 spectral rats (Ossuary)
  A bush (Lair:3)
  2 butterflies (D:7)
620 creatures vanquished.

Vanquished Creatures (others)
  A death yak (IceCv)
  A human (D:4)
  3 bushes (Lair:3)
  366 fulminant prisms
  43 fungi
  95 plants
509 creatures vanquished.

Grand Total: 1129 creatures vanquished

Notes
Turn   | Place    | Note
-------+----------+-------------------------------------------
     0 | D:1      | KamiKatze the Deep Elf Conjurer began the quest for the
                  | Orb.
     0 | D:1      | Reached XP level 1. HP: 10/10 MP: 6/6
   221 | D:1      | Reached XP level 2. HP: 15/15 MP: 5/8
   224 | D:1      | Learned a level 2 spell: Searing Ray
   967 | D:2      | Reached skill level 1 in Hexes
  1053 | D:2      | Reached XP level 3. HP: 19/19 MP: 2/9
  1144 | D:2      | Found a faded altar of an unknown god.
  1183 | D:2      | Noticed Natasha
  1205 | D:2      | Killed Natasha
  1206 | D:2      | Reached skill level 1 in Throwing
  1206 | D:2      | Reached skill level 1 in Translocations
  1514 | D:2      | Noticed Natasha
  1519 | D:2      | Killed Natasha
  1520 | D:2      | Reached XP level 4. HP: 24/24 MP: 5/11
  1597 | D:2      | Noticed Natasha
  1605 | D:2      | Killed Natasha
  2205 | D:3      | Found a sacrificial altar of Ru.
  2246 | D:3      | Learned a level 4 spell: Fulminant Prism
  2302 | D:3      | Reached skill level 5 in Conjurations
  2302 | D:3      | Reached XP level 5. HP: 28/28 MP: 12/12
  2499 | D:4      | Found Oneciu Otta's Distillery.
  2514 | D:4      | Bought a potion of degeneration for 11 gold pieces
  2563 | D:4      | Found a sand-covered staircase.
  2573 | Ossuary  | Entered an ossuary
  2673 | Ossuary  | Reached skill level 4 in Spellcasting
  3047 | Ossuary  | Learned a level 4 spell: Iskenderun's Mystic Blast
  3566 | D:4      | Found an ancient bone altar of Kikubaaqudgha.
  3567 | D:4      | Noticed a human
  3571 | D:4      | Killed a human
  3811 | D:4      | Reached XP level 6. HP: 24/32 MP: 13/14
  4364 | D:5      | Entered Level 5 of the Dungeon
  4439 | D:5      | Reached skill level 5 in Spellcasting
  4506 | D:5      | Reached XP level 7. HP: 31/36 MP: 16/16
  4683 | D:5      | Found a snail-covered altar of Cheibriados.
  4683 | D:5      | Found a blossoming altar of Fedhas.
  4689 | D:5      | Found a stormy altar of Qazlal.
  5228 | D:6      | Reached skill level 6 in Spellcasting
  5228 | D:6      | Reached skill level 5 in Hexes
  5235 | D:6      | Reached XP level 8. HP: 18/41 MP: 9/19
  5596 | D:6      | Reached skill level 7 in Spellcasting
  5596 | D:6      | Reached skill level 5 in Translocations
  6003 | D:6      | Reached XP level 9. HP: 45/45 MP: 22/22
  6044 | D:6      | Reached skill level 8 in Spellcasting
  6454 | D:7      | Identified a scroll of acquirement
  6454 | D:7      | Acquired a +0 helmet of intelligence
  6797 | D:7      | Found Funwamp's Antique Armour Shop.
  6800 | D:7      | Found Ucwaessy's Jewellery Shoppe.
  7006 | D:7      | Found a runed translucent door.
  7013 | D:7      | Found a runed translucent door.
  7220 | D:7      | Found a staircase to the Ecumenical Temple.
  7234 | Temple   | Entered the Ecumenical Temple
  7391 | Temple   | Became a worshipper of Vehumet
  7934 | D:8      | Noticed a kobold demonologist
  7939 | D:8      | Killed a kobold demonologist
  7940 | D:8      | Reached skill level 1 in Fighting
  7940 | D:8      | Reached skill level 9 in Spellcasting
  8613 | D:9      | Found Yge Exakku's Jewellery Shoppe.
  8621 | D:9      | Bought an amulet of magic regeneration for 450 gold pieces
  8658 | D:9      | Reached XP level 10. HP: 39/52 MP: 25/25
  8732 | D:9      | Noticed Erica
  8738 | D:9      | Reached * piety under Vehumet
  8738 | D:9      | Offered knowledge of Freeze by Vehumet.
  8743 | D:9      | Noticed a two-headed ogre
  8750 | D:9      | Killed a two-headed ogre
  8755 | D:9      | Killed Erica
  9529 | D:10     | Entered Level 10 of the Dungeon
  9552 | D:10     | Reached skill level 10 in Spellcasting
  9555 | D:10     | Reached skill level 5 in Stealth
  9582 | D:10     | Noticed a two-headed ogre
  9654 | D:10     | Found a staircase to the Orcish Mines.
  9658 | D:10     | Reached ** piety under Vehumet
  9659 | D:10     | Offered knowledge of Static Discharge by Vehumet.
  9696 | D:10     | Reached skill level 5 in Dodging
  9696 | D:10     | Reached skill level 10 in Hexes
  9896 | D:10     | Found a staircase to the Lair.
  9902 | D:10     | Reached XP level 11. HP: 59/59 MP: 27/27
  9916 | D:10     | Found a shimmering blue altar of Sif Muna.
 10092 | D:10     | Reached skill level 10 in Conjurations
 10139 | D:10     | Noticed Psyche
 10145 | D:10     | Killed Psyche
 10146 | D:10     | Reached skill level 11 in Spellcasting
 10414 | D:10     | Killed a two-headed ogre
 10414 | D:10     | Offered knowledge of Scorch by Vehumet.
 10678 | D:10     | Found Oklum's Magic Scroll Boutique.
 10686 | D:10     | Bought a scroll of magic mapping for 120 gold pieces
 10786 | D:11     | Noticed a boulder beetle
 11030 | Lair:1   | Entered Level 1 of the Lair of Beasts
 11087 | Lair:1   | Reached *** piety under Vehumet
 11136 | Lair:1   | Noticed a five-headed hydra
 11143 | Lair:1   | Killed a five-headed hydra
 11261 | Lair:1   | Reached skill level 12 in Spellcasting
 11269 | Lair:1   | Reached skill level 10 in Translocations
 11553 | Lair:1   | Reached XP level 12. HP: 66/66 MP: 30/30
 11983 | Lair:2   | Noticed an eight-headed hydra
 11988 | Lair:2   | Killed an eight-headed hydra
 11989 | Lair:2   | Reached skill level 1 in Shields
 12130 | Lair:2   | Offered knowledge of Inner Flame by Vehumet.
 12856 | Lair:3   | Noticed an eight-headed hydra
 13138 | Lair:3   | Reached skill level 13 in Spellcasting
 13290 | Lair:3   | Reached **** piety under Vehumet
 13433 | Lair:3   | Found a staircase to the Shoals.
 13465 | Lair:3   | Offered knowledge of Sticky Flame by Vehumet.
 13536 | Lair:3   | Noticed a death yak
 13537 | Lair:3   | Noticed a death yak
 13560 | Lair:3   | Killed an eight-headed hydra
 13634 | Lair:3   | Noticed a death yak
 13636 | Lair:3   | Noticed a death yak
 13637 | Lair:3   | Noticed a death yak
 13637 | Lair:3   | Noticed a death yak
 13638 | Lair:3   | Noticed a death yak
 13641 | Lair:3   | Noticed a death yak
 13641 | Lair:3   | Noticed a death yak
 13648 | Lair:3   | Killed a death yak
 13662 | Lair:3   | Killed a death yak
 13663 | Lair:3   | Reached skill level 5 in Fighting
 13665 | Lair:3   | Killed a death yak
 13666 | Lair:3   | Reached skill level 14 in Spellcasting
 13666 | Lair:3   | Reached XP level 13. HP: 72/72 MP: 33/33
 14111 | Lair:3   | Found a staircase to the Snake Pit.
 14461 | Lair:4   | Reached ***** piety under Vehumet
 14462 | Lair:4   | Reached skill level 15 in Spellcasting
 14498 | Lair:4   | Offered knowledge of Iron Shot by Vehumet.
 14509 | Lair:4   | Noticed Josephine
 14522 | Lair:3   | Learned a level 6 spell: Iron Shot
 14729 | Lair:4   | Reached skill level 1 in Earth Magic
 14731 | Lair:4   | Killed Josephine
 15455 | Lair:5   | Entered Level 5 of the Lair of Beasts
 15579 | Lair:5   | Reached skill level 16 in Spellcasting
 15657 | Lair:5   | Reached XP level 14. HP: 80/80 MP: 36/36
 15828 | Lair:5   | Reached skill level 5 in Earth Magic
 16333 | Lair:5   | Offered knowledge of Olgreb's Toxic Radiance by Vehumet.
 16345 | Lair:5   | Found a corrupted altar of Lugonu.
 16345 | Lair:5   | Found a one-way gate to the infinite horrors of the Abyss.
 16488 | Lair:5   | Found a staircase to the Slime Pits.
 16489 | Lair:5   | Found a viscous altar of Jiyva.
 16882 | Orc:1    | Entered Level 1 of the Orcish Mines
 16882 | Orc:1    | Noticed Fannar
 16884 | Orc:1    | Killed Fannar
 16969 | Orc:1    | Noticed Nergalle
 16980 | Orc:1    | Reached skill level 1 in Air Magic
 16989 | Orc:1    | Found a frozen archway.
 16998 | IceCv    | Entered an ice cave
 17205 | IceCv    | Identified the +11 battleaxe "Huletipu" {vorpal, rC+ rCorr
                  | Str+3 Stlth-}
 17250 | IceCv    | Reached skill level 17 in Spellcasting
 17536 | IceCv    | Reached skill level 15 in Conjurations
 18282 | Orc:1    | Found a burning altar of Makhleb.
 18312 | Orc:1    | Killed Nergalle
 18430 | Orc:2    | Entered Level 2 of the Orcish Mines
 18430 | Orc:2    | Found a staircase to the Elven Halls.
 18833 | Orc:1    | Found a radiant altar of Vehumet.
 19230 | Orc:2    | Found a radiant altar of Vehumet.
 19236 | Orc:2    | Offered knowledge of Freezing Cloud by Vehumet.
 19247 | Orc:1    | Learned a level 5 spell: Freezing Cloud
 19431 | Orc:2    | Reached skill level 1 in Ice Magic
 19460 | Orc:2    | Reached XP level 15. HP: 76/86 MP: 38/38
 19724 | Orc:2    | Found Univem's Antique Weapon Shop.
 19724 | Orc:2    | Found Uckyosiwk's Armour Shop.
 19725 | Orc:2    | Found Xohuttiu's Antique Weapon Emporium.
 19725 | Orc:2    | Found Meishrest's Book Emporium.
 20136 | D:11     | You fall into a shaft and drop 1 floor!
 20546 | D:12     | Identified the +2 dagger of the Heavens {elec, rPois Str+5
                  | Int+3}
 20565 | D:12     | Shot with an arrow by a centaur warrior

Illustrated notes

Levels and vault maps discovered:
D:1:      beargit_arrival_greenhouse, layout_basic, corner_web_ring,
          kennysheep_boxes
D:2:      layout_rooms, shapermc_ecumenical_altar_petra, grunt_decor_clamped,
          uniq_natasha
D:3:      layout_rooms, nicolae_ru_the_path_less_chosen
D:4:      layout_cave_pods, tgw_kikubaaqudgha, serial_shops, nicolae_shop_stone,
          nicolae_ossuary_entry_plus, grunt_ministairs_4
D:5:      layout_rooms, minitemple, grunt_decor_arrowhead
D:6:      layout_basic, minmay_ruffians
D:7:      lemuel_insect_pit, layout_basic, temple_hall,
          hangedman_abyss_or_decor_passed, minmay_misc_feat_nine_boxes,
          serial_bayou_pond_c, nicolae_wooded_promenade, kennysheep_nondescript
D:8:      layout_cave_pods
D:9:      layout_basic, serial_shops, nicolae_stop_n_shop_2,
          nicolae_eternal_life, kennysheep_kite_vault, uniq_erica
D:10:     layout_grid_maze, nicolae_sif_muna_little_library,
          minmay_lair_entry_grove, david_orc_3, serial_shops, shop, uniq_psyche
D:11:     layout_rooms
D:12:     nzn_winding_woodlands_small [nzn_winding_woodlands_5x15_crooked,
          nzn_winding_woodlands_center_lodge,
          nzn_winding_woodlands_5x15_jagged], layout_rooms,
          hellmonk_ghost_happy_afterlife, hangedman_decor_points,
          minmay_guarded_unrand_resistance
Temple:   nicolae_temple_elliptical
Lair:1:   hellmonk_destroyed_diamonds, layout_cave_pods
Lair:2:   layout_gridlike, serial_bayou_lagoon_b
Lair:3:   layout_chaotic_city, minmay_shoals_entry_lonely_mermaid,
          minmay_snake_entry_guardpost_medium, serial_bayou_pond_e,
          nicolae_lair_grazing_beasts [nicolae_sub_lair_graze_edge,
          nicolae_sub_lair_graze_edge, nicolae_sub_lair_graze_edge,
          nicolae_sub_lair_graze_edge]
Lair:4:   layout_misc_corridors, serial_rivers, chequers_serial_rivers_large_a,
          chequers_serial_rivers_large_b, chequers_serial_rivers_room_b,
          chequers_serial_rivers_room_a, chequers_serial_rivers_micro_b,
          infiniplex_staircase_pool, lemuel_fruit_fields, uniq_josephine
Lair:5:   hellmonk_lair_end_abyssal_woods, layout_misc_corridors, slime_entry_1
Orc:1:    layout_diamond_mine, basic_altar, portal_ice_cave_entry_pillars_1,
          hangedman_feature_mirror, uniq_fannar, uniq_nergalle
Orc:2:    st_orc_elflike, layout_caves, basic_altar

Skill      XL: |  1  2  3  4  5  6  7  8  9 10 11 12 13 14 15 |
---------------+----------------------------------------------+-----
Hexes          | 1 2 3 4 5 7 8 10 | 10.0
Throwing       | 1 2 |  2.0
Stealth        | 3 4 5 7 8 9 |  9.0
Translocations | 1 2 3 4 6 7 8 10 | 10.0
Dodging        | 3 5 6 |  6.0
Conjurations   | 5 6 7 8 9 11 12 14 15 | 15.6
Spellcasting   | 4 5 6 7 9 10 12 14 16 17 | 17.9
Fighting       | 1 2 3 5 6 7 |  7.4
Shields        | 4 |  4.0
Earth Magic    | 4 7 8 |  8.5
Air Magic      | 3 |  3.5
Ice Magic      | 1 3 |  3.0

Action                   |  1- 3 |  4- 6 |  7- 9 | 10-12 | 13-15 || total
-------------------------+-------+-------+-------+-------+-------++-------
Melee: Dagger            |    10 |    11 |     2 |       |       ||    23
       Punch             |       |     1 |       |       |       ||     1
       Spear             |       |       |     1 |     9 |       ||    10
       Staff             |       |       |       |     1 |     1 ||     2
 Cast: Magic Dart        |    44 |    85 |    41 |     6 |     3 ||   179
       Searing Ray       |     4 |    33 |    14 |    15 |     6 ||    72
       Fulminant Prism   |       |     5 |    46 |   122 |   193 ||   366
       Iskenderun's Myst |       |     1 |    13 |    45 |    77 ||   136
       Iron Shot         |       |       |       |       |    55 ||    55
       Freezing Cloud    |       |       |       |       |    15 ||    15
Evoke: Wand              |       |       |       |       |     1 ||     1
  Use: Scroll            |       |     8 |    14 |     3 |     5 ||    30
       Potion            |       |       |       |       |     1 ||     1
 Stab: Sleeping          |     3 |       |       |     1 |       ||     4
Armor: Robe              |     1 |     4 |     4 |     5 |     7 ||    21
Dodge: Dodged            |     7 |    35 |    37 |    18 |    24 ||   121
Block: Buckler           |       |       |       |       |     6 ||     6
